 Dungeon Crawl Stone Soup version 0.17.1-1-g73c8601 (webtiles) character file.

1569 Goblin1989 the Covert (level 8, -9/38 HPs)
             Began as a Vine Stalker Assassin on Jan 8, 2016.
             Was a Follower of Kikubaaqudgha.
             Mangled by a spiny frog (14 damage)
             ... on level 2 of the Lair of Beasts.
             The game lasted 00:45:07 (3750 turns).

Goblin1989 the Covert (Vine Stalker Assassin)       Turns: 3750, Time: 00:45:07

Health: -9/38      AC: 10    Str: 14    XL:     8   Next: 90%
Magic:  0/9        EV: 10    Int: 12    God:    Kikubaaqudgha [*.....]
Gold:   142        SH:  0    Dex: 17    Spells: 1 memorised, 4 levels left

rFire  . . .     SeeInvis .     a - +2 dagger
rCold  . . .     Clarity  .     A - +1 ring mail {rPois}
rNeg   . . .     SustAt   .     (no shield)
rPois  +         Gourm    .     (no helmet)
rElec  .         Spirit   +     d - +0 cloak
rCorr  .         Warding  .     (no gloves)
rMut   +         Stasis   .     x - +2 pair of boots
MR     +....                    E - amulet of resist mutation
Stlth  ++++......               (no ring)
                                (no ring)

@: lethally poisoned (-9 -> -21), somewhat resistant to hostile enchantments,
stealthy
A: fangs 3, regeneration 2, magic shield, antimagic bite, no device heal 3, rot
immunity
a: Receive Corpses, Renounce Religion


You were on level 2 of the Lair of Beasts.
You worshipped Kikubaaqudgha.
Kikubaaqudgha was aware of your devotion.
You were not hungry.

You visited 2 branches of the dungeon, and saw 10 of its levels.

You collected 324 gold pieces.
You spent 182 gold pieces at shops.

Inventory:

Hand Weapons
 a - a +2 dagger (weapon)
 b - a +1 blowgun
Missiles
 e - 38 poisoned needles
 t - 4 needles of slowing
Armour
 d - a +0 cloak (worn)
 x - a +2 pair of boots (worn)
 A - a +1 ring mail of poison resistance (worn)
Jewellery
 E - an amulet of resist mutation (around neck)
Wands
 C - a wand of slowing (7)
Scrolls
 h - a scroll of identify {unknown}
 q - a scroll of enchant weapon
 r - 5 scrolls of remove curse
 s - a scroll of fear {unknown}
 B - a scroll of fog {unknown}
 D - 3 scrolls of recharging {unknown}
Potions
 k - a potion of poison
 l - 2 potions of resistance {unknown}
 m - a potion of agility
 n - 2 potions of heal wounds {unknown}
 p - a potion of magic {unknown}
 u - a potion of haste {unknown}
 v - a potion of curing {unknown}
 z - a potion of experience {unknown}
Books
 y - Kikubaaqudgha's Handbook of Black Magic
   (Kikubaaqudgha gifted it to you on level 6 of the Dungeon)

   Spells                             Type                      Level
   a - Animate Skeleton               Necromancy                   1
   b - Corpse Rot                     Necromancy                   2
   c - Sublimation of Blood           Necromancy                   2
   d - Regeneration                   Charms/Necromancy            3
   e - Control Undead                 Necromancy                   4
Comestibles
 c - a beef jerky
 g - 5 bread rations
 i - 3 fruits
 j - 2 meat rations
 o - 2 chunks of flesh
 w - 2 slices of pizza


   Skills:
 - Level 1.7 Fighting
 * Level 7.1 Short Blades
 - Level 1.7 Throwing
 - Level 0.7 Dodging
 + Level 8.7 Stealth
 + Level 3.7 Charms
 + Level 3.5 Necromancy


You had 4 spell levels left.
You knew the following spells:

 Your Spells              Type           Power        Failure   Level  Hunger
a - Regeneration          Chrm/Necr      #.........   50%         3    ####...


Dungeon Overview and Level Annotations

Branches:
Dungeon (8/15)             Temple (0/1) D:5            Lair (2/8) D:8

Altars:
Ashenzari
Cheibriados
Kikubaaqudgha
Okawaru

Shops:
D:6 [

Annotations:
D:3 exclusion: downstairs
D:4 Goblin1989's ghost, amateur DsMo; Grinder


Innate Abilities, Weirdness & Mutations

You have razor-sharp teeth.
You heal very quickly.
When hurt, damage is shared between your health and your magic reserves.
Your bite disrupts and absorbs the magic of your enemies.
Potions and wands cannot restore your health.
You are immune to rotting.


Message History

You feel invigorated.
The spiny frog is moderately wounded.
The spiny frog stings you!
You hit the spiny frog but do no damage.
The spiny frog is moderately wounded.
You feel sick. The spiny frog barely misses you.
You hit the spiny frog. Your bite misses the spiny frog.
The spiny frog is moderately wounded.
You feel sick. The spiny frog stings you!
* * * LOW HITPOINT WARNING * * *
You are lethally poisoned!
The spiny frog poisons you!
* * * LOW HITPOINT WARNING * * *
You feel sick.
Drink which item? (? for menu, Esc to quit)
It was a potion of poison.
You feel slightly nauseous.
* * * LOW HITPOINT WARNING * * *
You feel sick. The spiny frog stings you!
You die...
Kikubaaqudgha rasps: "You have failed me!
Welcome... death!"

.......##
..##.### .....##
.# ####..#### .#
#.##...##### ..
## #.....#P# .#
###.....#### ..#
###.#....####.##
####P#.@F#P..#
###P...((#
#####..# #.P#
.## . .. #. ##


You could see a spiny frog.

Vanquished Creatures
  A hippogriff (D:7)
  An orc warrior (D:6)
  A phantom (D:8)
  An ogre (D:7)
  A centaur (D:7)
  A crocodile (Lair:1)
  4 giant frogs
  A big kobold (D:7)
  A wyvern zombie (D:8)
  A scorpion (D:5)
  A water moccasin skeleton (D:8)
  3 crimson imps
  2 hounds
  2 orc priests (D:7)
  Ijyb (D:3)
  2 worker ants
  2 iguanas (Lair:1)
  An orc wizard (D:7)
  A hound skeleton (D:7)
  A gnoll (D:7)
  5 adders
  A shadow imp (D:5)
  An adder zombie (D:6)
  3 adder skeletons
  A worm (D:1)
  3 giant geckos
  9 orcs
  3 giant cockroaches
  8 hobgoblins
  15 jackals
  2 quokkas
  6 bats
  3 giant newts
  9 goblins
  A jackal skeleton (D:5)
  15 kobolds
  8 rats
122 creatures vanquished.

Notes
Turn   | Place    | Note
--------------------------------------------------------------
     0 | D:1      | Goblin1989 the Vine Stalker Assassin began the quest for the Orb.
     0 | D:1      | Reached XP level 1. HP: 11/11 MP: 2/2
    85 | D:2      | Reached skill level 5 in Stealth
    95 | D:2      | Reached XP level 2. HP: 8/15 MP: 3/3
   241 | D:2      | Reached XP level 3. HP: 8/18 MP: 2/4
   541 | D:3      | Reached XP level 4. HP: 21/23 MP: 3/5
   862 | D:3      | Noticed Ijyb
   911 | D:3      | Killed Ijyb
   977 | D:3      | Reached skill level 6 in Stealth
   990 | D:4      | Noticed Goblin1989's ghost (amateur DsMo)
  1029 | D:4      | Noticed Grinder
  1272 | D:5      | Entered Level 5 of the Dungeon
  1304 | D:5      | Reached XP level 5. HP: 26/26 MP: 6/6
  1339 | D:5      | Found an ancient bone altar of Kikubaaqudgha.
  1363 | D:5      | Became a worshipper of Kikubaaqudgha
  1572 | D:5      | Found a staircase to the Ecumenical Temple.
  1713 | D:5      | Gained mutation: You heal very quickly. [Vine Stalker growth]
  1713 | D:5      | Reached XP level 6. HP: 30/30 MP: 7/7
  1814 | D:6      | Found an iron altar of Okawaru.
  2003 | D:6      | Noticed an orc warrior
  2007 | D:6      | Reached * piety under Kikubaaqudgha
  2007 | D:6      | Received a gift from Kikubaaqudgha
  2035 | D:6      | Killed an orc warrior
  2035 | D:6      | Reached skill level 5 in Short Blades
  2035 | D:6      | Reached skill level 7 in Stealth
  2070 | D:6      | Identified Kikubaaqudgha's Handbook of Black Magic (Kikubaaqudgha gifted it to you on level 6 of the Dungeon)
  2075 | D:6      | Learned a level 3 spell: Regeneration
  2178 | D:7      | Reached XP level 7. HP: 21/34 MP: 8/8
  2331 | D:6      | Reached skill level 1 in Charms
  2331 | D:6      | Reached skill level 1 in Necromancy
  2411 | D:6      | Found Nanomatu's Armour Boutique.
  2441 | D:6      | Bought a +1 ring mail of poison resistance for 182 gold pieces
  2481 | D:6      | Found a shattered altar of Ashenzari.
  2826 | D:7      | Found a snail-covered altar of Cheibriados.
  2957 | D:7      | Gained mutation: You have razor-sharp teeth. [Vine Stalker growth]
  2957 | D:7      | Reached XP level 8. HP: 30/38 MP: 6/9
  3012 | D:7      | Noticed a hippogriff
  3031 | D:7      | Killed a hippogriff
  3031 | D:7      | Reached skill level 8 in Stealth
  3375 | D:8      | Found a staircase to the Lair.
  3465 | Lair:1   | Entered Level 1 of the Lair of Beasts
  3603 | Lair:1   | Noticed a six-headed hydra
  3733 | Lair:2   | Noticed a spiny frog
  3750 | Lair:2   | Mangled by a spiny frog

Action                   |  1- 3 |  4- 6 |  7- 9 || total
-------------------------+-------+-------+-------++-------
Melee: Dagger            |    91 |   144 |   138 ||   373
 Fire: Blowgun           |       |    28 |    51 ||    79
  Use: Potion            |       |       |     2 ||     2
       Scroll            |       |       |     2 ||     2
 Stab: Sleeping          |     8 |    19 |    10 ||    37
       Distracted        |       |     2 |     2 ||     4
  Eat: Chunk             |       |     4 |     5 ||     9
